NCAA
STANFORD CARDINAL @ TEXAS A&M AGGIES
02/21/2060
 
TOP OF THE 1ST
Stanford Cardinal batting - Pitching for Texas A&M Aggies : RHP Vince O'Meara
Pitching: RHP Vince O'Meara
Batting: RHB Kurt de la Piedra 0-0: Ball
1-0: Fly out, F8 (Flyball, 8LD, EV 88.8 MPH)
Batting: LHB Zavier Cobb 0-0: Called Strike
0-1: Swinging Strike
0-2: Fly out, F9 (Flyball, 9D, EV 95.6 MPH)
Batting: RHB Lawrence Rawson 0-0: Foul Ball, location: 2F
0-1: Swinging Strike
0-2: Strikes out swinging
Top of the 1st over - 0 runs, 0 hits, 0 errors, 0 left on base; Stanford 0 - Texas A&M 0
BOTTOM OF THE 1ST
Texas A&M Aggies batting - Pitching for Stanford Cardinal : LHP Willard Chaim
Pitching: LHP Willard Chaim
Batting: RHB Nathan Blanchette 0-0: Fly out, F8 (Flyball, 8RM, EV 77.5 MPH)
Batting: RHB Jeremy Stegall 0-0: Ball
1-0: Ball
2-0: Called Strike
2-1: Ball
3-1: Called Strike
3-2: Strikes out swinging
Batting: LHB Barrett Avila 0-0: Swinging Strike
0-1: Ball
1-1: Reached via error on a dropped throw from 1B, E1 (Groundball, 34S, EV 81.2 MPH)
Batting: RHB Christopher Wheat 0-0: 2-RUN HOME RUN (Flyball, 7LD, EV 89.4 MPH), Distance : 339 ft
Batting: RHB Ethan Winer 0-0: Ball
1-0: Ball
2-0: SINGLE (Line Drive, 6D, EV 106.9 MPH)
Batting: RHB Nolan Ardizzone 0-0: Ball
1-0: SINGLE (Flyball, 9LS, EV 95.6 MPH)
Ethan Winer to second
Batting: RHB Benny McConnell 0-0: Ball
1-0: Foul Ball, location: 2F
1-1: Foul Ball, location: 2F
1-2: Strikes out looking
Bottom of the 1st over - 2 runs, 3 hits, 1 error, 2 left on base; Stanford 0 - Texas A&M 2
TOP OF THE 2ND
Stanford Cardinal batting - Pitching for Texas A&M Aggies : RHP Vince O'Meara
Batting: LHB Phillip Rothlisberger 0-0: Called Strike
0-1: Ball
1-1: Called Strike
1-2: Strikes out swinging
Batting: LHB Brian Elder 0-0: SINGLE (Line Drive, 6M, EV 105.0 MPH)
Batting: RHB Nat Hill 0-0: Ball
1-0: Fly out, F8 (Flyball, 78M, EV 93.1 MPH)
Batting: RHB Deven Copeland 0-0: Ball
1-0: Called Strike
1-1: Called Strike
1-2: Ball
2-2: Ball
3-2: Strikes out swinging
Top of the 2nd over - 0 runs, 1 hit, 0 errors, 1 left on base; Stanford 0 - Texas A&M 2
BOTTOM OF THE 2ND
Texas A&M Aggies batting - Pitching for Stanford Cardinal : LHP Willard Chaim
Batting: RHB Owen Foster 0-0: Ball
1-0: Called Strike
1-1: Ground out 6-3 (Groundball, 6, EV 81.2 MPH)
Batting: LHB Les Benitez 0-0: Ball
1-0: Swinging Strike
1-1: SOLO HOME RUN (Flyball, 89XD, EV 108.1 MPH), Distance : 429 ft
Batting: RHB Nathan Blanchette 0-0: Ball
1-0: Called Strike
1-1: Fly out, F9 (Flyball, 9D, EV 103.1 MPH)
Batting: RHB Jeremy Stegall 0-0: Called Strike
0-1: Ball
1-1: Called Strike
1-2: Foul Ball, location: 2F
1-2: SINGLE (Line Drive, 7S, EV 102.5 MPH)
Batting: LHB Barrett Avila 0-0: SINGLE (Flyball, 78S, EV 91.9 MPH)
Jeremy Stegall to second
Batting: RHB Christopher Wheat 0-0: Foul Ball, location: 2F
0-1: Swinging Strike
0-2: Ball
1-2: Foul Ball, location: 2F
1-2: Ball
2-2: Foul Ball, location: 2F
2-2: Fly out, F7 (Flyball, 78S, EV 86.9 MPH)
Bottom of the 2nd over - 1 run, 3 hits, 0 errors, 2 left on base; Stanford 0 - Texas A&M 3
TOP OF THE 3RD
Stanford Cardinal batting - Pitching for Texas A&M Aggies : RHP Vince O'Meara
Batting: RHB Brendan Fountain 0-0: Ball
1-0: Called Strike
1-1: Ground out 6-3 (Groundball, 6, EV 86.9 MPH)
Batting: RHB Wilt Green 0-0: Ball
1-0: Ball
2-0: Fly out, F8 (Flyball, 8RD, EV 106.9 MPH)
Batting: RHB Kurt de la Piedra 0-0: Called Strike
0-1: Called Strike
0-2: Ball
1-2: Strikes out swinging
Top of the 3rd over - 0 runs, 0 hits, 0 errors, 0 left on base; Stanford 0 - Texas A&M 3
BOTTOM OF THE 3RD
Texas A&M Aggies batting - Pitching for Stanford Cardinal : LHP Willard Chaim
Batting: RHB Ethan Winer 0-0: Called Strike
0-1: Fly out, F7 (Flyball, 7, EV 73.8 MPH)
Batting: RHB Nolan Ardizzone 0-0: Ball
1-0: Ball
2-0: Swinging Strike
2-1: Ball
3-1: Fly out, F4 (Popup, 4, EV 66.2 MPH)
Batting: RHB Benny McConnell 0-0: Ball
1-0: Ball
2-0: Called Strike
2-1: Swinging Strike
2-2: Ball
3-2: Fly out, F4 (Line Drive, 4, EV 66.9 MPH)
Bottom of the 3rd over - 0 runs, 0 hits, 0 errors, 0 left on base; Stanford 0 - Texas A&M 3
TOP OF THE 4TH
Stanford Cardinal batting - Pitching for Texas A&M Aggies : RHP Vince O'Meara
Batting: LHB Zavier Cobb 0-0: Called Strike
0-1: Ground out 6-3 (Groundball, 6M, EV 83.8 MPH)
Batting: RHB Lawrence Rawson 0-0: Foul Ball, location: 2F
0-1: Foul Ball, location: 2F
0-2: Fly out, F8 (Line Drive, 8RM, EV 88.1 MPH)
Batting: LHB Phillip Rothlisberger 0-0: Ball
1-0: Ball
2-0: Called Strike
2-1: Foul Ball, location: 2F
2-2: Ball
3-2: DOUBLE (Line Drive, 7LM, EV 105.6 MPH)
Batting: LHB Brian Elder 0-0: Ground out 3-1 (Groundball, 34, EV 101.9 MPH)
Top of the 4th over - 0 runs, 1 hit, 0 errors, 1 left on base; Stanford 0 - Texas A&M 3
BOTTOM OF THE 4TH
Texas A&M Aggies batting - Pitching for Stanford Cardinal : LHP Willard Chaim
Batting: RHB Owen Foster 0-0: Ball
1-0: Ball
2-0: Foul Ball, location: 2F
2-1: Fly out, F8 (Flyball, 8RD, EV 92.5 MPH)
Batting: LHB Les Benitez 0-0: Ball
1-0: Foul Ball, location: 2F
1-1: Ground out 4-3 (Groundball, 4, EV 98.8 MPH)
Batting: RHB Nathan Blanchette 0-0: Called Strike
0-1: Ball
1-1: Swinging Strike
1-2: Ball
2-2: Foul Ball, location: 2F
2-2: Ground out 6-3 (Groundball, 6, EV 91.9 MPH)
Bottom of the 4th over - 0 runs, 0 hits, 0 errors, 0 left on base; Stanford 0 - Texas A&M 3
TOP OF THE 5TH
Stanford Cardinal batting - Pitching for Texas A&M Aggies : RHP Vince O'Meara
Batting: RHB Nat Hill 0-0: Called Strike
0-1: Foul Ball, location: 2F
0-2: Foul Ball, location: 2F
0-2: Ball
1-2: Strikes out looking
Batting: RHB Deven Copeland 0-0: Foul Ball, location: 2F
0-1: Called Strike
0-2: Ball
1-2: Ball
2-2: Strikes out swinging
Batting: RHB Brendan Fountain 0-0: Foul Ball, location: 2F
0-1: Called Strike
0-2: Foul Ball, location: 2F
0-2: Ball
1-2: Foul Ball, location: 2F
1-2: Ball
2-2: Foul Ball, location: 2F
2-2: Strikes out swinging
Top of the 5th over - 0 runs, 0 hits, 0 errors, 0 left on base; Stanford 0 - Texas A&M 3
BOTTOM OF THE 5TH
Texas A&M Aggies batting - Pitching for Stanford Cardinal : LHP Willard Chaim
Batting: RHB Jeremy Stegall 0-0: Called Strike
0-1: Ground out 2-3 (Groundball, 15S, EV 70.6 MPH)
Batting: LHB Barrett Avila 0-0: Called Strike
0-1: Fly out, F8 (Flyball, 8RD, EV 108.1 MPH)
Batting: RHB Christopher Wheat 0-0: Ball
1-0: Called Strike
1-1: Ground out 2-3 (Groundball, 15S, EV 74.4 MPH)
Bottom of the 5th over - 0 runs, 0 hits, 0 errors, 0 left on base; Stanford 0 - Texas A&M 3
TOP OF THE 6TH
Stanford Cardinal batting - Pitching for Texas A&M Aggies : RHP Vince O'Meara
Batting: RHB Wilt Green 0-0: Ground out 6-3 (Groundball, 56, EV 86.2 MPH)
Batting: RHB Kurt de la Piedra 0-0: Foul Ball, location: 2F
0-1: Ball
1-1: Foul Ball, location: 2F
1-2: Foul Ball, location: 2F
1-2: Foul Ball, location: 2F
1-2: Strikes out swinging
Batting: LHB Zavier Cobb 0-0: Ball
1-0: SINGLE (Line Drive, 8RS, EV 99.4 MPH)
Batting: RHB Lawrence Rawson 0-0: Ball
1-0: Ball
Zavier Cobb steals 2nd base
2-0: Called Strike
2-1: Called Strike
2-2: Ball
3-2: Foul Ball, location: 2F
3-2: Foul Ball, location: 2F
3-2: Foul Ball, location: 2F
3-2: Base on Balls
Batting: LHB Phillip Rothlisberger 0-0: Ball
1-0: Called Strike
1-1: Ball
2-1: Ball
3-1: Foul Ball, location: 2F
3-2: SINGLE (Groundball, 4MD, EV 100.0 MPH)
Zavier Cobb to third
Lawrence Rawson to second
Zavier Cobb scores
Lawrence Rawson to third
Pitching: LHP Jakob Kilpatrick
Batting: LHB Brian Elder 0-0: Foul Ball, location: 2F
0-1: Ball
1-1: Ball
2-1: Fly out, F7 (Line Drive, 7, EV 97.5 MPH)
Top of the 6th over - 1 run, 2 hits, 0 errors, 2 left on base; Stanford 1 - Texas A&M 3
BOTTOM OF THE 6TH
Texas A&M Aggies batting - Pitching for Stanford Cardinal : LHP Willard Chaim
Batting: RHB Ethan Winer 0-0: Called Strike
0-1: Ball
1-1: Ball
2-1: Ground out 6-3 (Groundball, 6D, EV 91.2 MPH)
Batting: RHB Nolan Ardizzone 0-0: Ball
1-0: Called Strike
1-1: Foul Ball, location: 2F
1-2: Strikes out swinging
Batting: RHB Benny McConnell 0-0: Ball
1-0: Swinging Strike
1-1: Foul Ball, location: 2F
1-2: Ball
2-2: Fly out, F6 (Popup, 6M, EV 68.8 MPH)
Bottom of the 6th over - 0 runs, 0 hits, 0 errors, 0 left on base; Stanford 1 - Texas A&M 3
TOP OF THE 7TH
Stanford Cardinal batting - Pitching for Texas A&M Aggies : LHP Jakob Kilpatrick
Batting: RHB Nat Hill 0-0: Ball
1-0: Foul Ball, location: 2F
1-1: Foul Ball, location: 2F
1-2: Foul Ball, location: 2F
1-2: Fly out, F5 (Line Drive, 5L, EV 62.5 MPH)
Batting: RHB Deven Copeland 0-0: SINGLE (Line Drive, 89S, EV 91.2 MPH)
Batting: RHB Brendan Fountain 0-0: Ball
1-0: Foul Ball, location: 2F
1-1: Ball
2-1: Called Strike
2-2: SINGLE (Line Drive, 8RS, EV 102.5 MPH)
Deven Copeland to second
Batting: RHB Wilt Green 0-0: Swinging Strike
0-1: Grounds into double play, 3-6-1 (Groundball, 34, EV 83.8 MPH)
Top of the 7th over - 0 runs, 2 hits, 0 errors, 1 left on base; Stanford 1 - Texas A&M 3
BOTTOM OF THE 7TH
Texas A&M Aggies batting - Pitching for Stanford Cardinal : LHP Willard Chaim
Pitching: RHP Evan Cannon
Batting: SHB Gage Wessels 0-0: Swinging Strike
0-1: Ball
1-1: Foul Ball, location: 2F
1-2: Foul Ball, location: 2F
1-2: Foul Ball, location: 2F
1-2: Foul Ball, location: 2F
1-2: Foul Ball, location: 2F
1-2: Ball
2-2: Ball
3-2: SINGLE (Flyball, 8RS, EV 93.1 MPH)
Batting: LHB Les Benitez 0-0: Sac Bunt to 15S - play at first, batter OUT! 1-3
Gage Wessels to second
Batting: RHB Nathan Blanchette 0-0: Ball
1-0: Foul Ball, location: 2F
1-1: Foul Ball, location: 2F
1-2: Ball
2-2: Strikes out swinging
Batting: RHB Jeremy Stegall 0-0: Ball
1-0: Ball
2-0: Ball
3-0: Swinging Strike
3-1: Base on Balls
Batting: LHB Barrett Avila 0-0: SINGLE (Groundball, 5D, EV 99.4 MPH)
Gage Wessels to third
Jeremy Stegall to second
Runner from 3rd tries for Home, SAFE, throw by LF to home
Batting: RHB Christopher Wheat 0-0: Ball
1-0: Called Strike
1-1: Fielders Choice at 2nd, 6-4 (Groundball, 6, EV 80.6 MPH)
Bottom of the 7th over - 1 run, 2 hits, 0 errors, 2 left on base; Stanford 1 - Texas A&M 4
TOP OF THE 8TH
Stanford Cardinal batting - Pitching for Texas A&M Aggies : LHP Jakob Kilpatrick
Batting: RHB Kurt de la Piedra 0-0: Called Strike
0-1: SOLO HOME RUN (Flyball, 7D, EV 96.2 MPH), Distance : 366 ft
Batting: LHB Zavier Cobb 0-0: Fly out, F9 (Flyball, 9D, EV 106.9 MPH)
Batting: RHB Lawrence Rawson 0-0: Foul Ball, location: 2F
0-1: Ball
1-1: Ground out 4-3 (Groundball, 4, EV 90.6 MPH)
Batting: LHB Phillip Rothlisberger 0-0: Called Strike
0-1: Ball
1-1: Ball
2-1: Ball
3-1: Swinging Strike
3-2: Base on Balls
Batting: LHB Brian Elder 0-0: Ball
1-0: DOUBLE (Flyball, 8LXD, EV 109.4 MPH)
Phillip Rothlisberger to third
Runner from 3rd tries for Home, SAFE, throw by CF to home
Pitching: RHP Sullivan Beck
Batting: RHB Nat Hill 0-0: Called Strike
0-1: Ball
1-1: Swinging Strike
1-2: Ground out 6-3 (Groundball, 6, EV 86.9 MPH)
Top of the 8th over - 2 runs, 2 hits, 0 errors, 1 left on base; Stanford 3 - Texas A&M 4
BOTTOM OF THE 8TH
Texas A&M Aggies batting - Pitching for Stanford Cardinal : RHP Evan Cannon
Batting: RHB Ethan Winer 0-0: Called Strike
0-1: Ball
1-1: Called Strike
1-2: Strikes out swinging
Batting: RHB Nolan Ardizzone 0-0: Called Strike
0-1: Ball
1-1: Ball
2-1: Foul Ball, location: 2F
2-2: Foul Ball, location: 2F
2-2: Ball
3-2: Strikes out swinging
Batting: RHB Benny McConnell 0-0: Ball
1-0: Foul Ball, location: 2F
1-1: Called Strike
1-2: Foul Ball, location: 2F
1-2: Foul Ball, location: 2F
1-2: Ball
2-2: Ball
3-2: Foul Ball, location: 2F
3-2: Foul Ball, location: 2F
3-2: Ground out 5-3 (Groundball, 56S, EV 91.2 MPH)
Bottom of the 8th over - 0 runs, 0 hits, 0 errors, 0 left on base; Stanford 3 - Texas A&M 4
TOP OF THE 9TH
Stanford Cardinal batting - Pitching for Texas A&M Aggies : RHP Sullivan Beck
Pitching: RHP Dominik Moskovitz
Batting: RHB Deven Copeland 0-0: Ground out 5-3 (Groundball, 5S, EV 91.9 MPH)
Pinch Hitting: RHB Richard Ernst 0-0: Ball
1-0: Called Strike
1-1: Called Strike
1-2: SINGLE (Line Drive, 7S, EV 92.5 MPH)
Batting: RHB Hayden Olszewski 0-0: Grounds into double play, 3-6-1 (Groundball, 3S, EV 81.9 MPH)
Top of the 9th over - 0 runs, 1 hit, 0 errors, 0 left on base; Stanford 3 - Texas A&M 4
Tuesday, April 16th , 2024 - OOTP Baseball 23.10 Build 110